 Dungeon Crawl Stone Soup version 0.31-a0-1082-g7d1fb776a8 (webtiles) character file.

Game seed: 5978605466288141843

85 Flugslaktarn the Changeling (level 4, -1/29 HPs)
             Began as an Octopode Shapeshifter on Nov 28, 2023.
             Slain by a gnoll
             ... wielding a +0 spear
              (5 damage)
             ... on level 2 of the Dungeon.
             The game lasted 00:00:57 (1032 turns).

Flugslaktarn the Changeling (Octopode Shapeshifter) Turns: 1032, Time: 00:00:58

Health: -1/29      AC:  3    Str: 12    XL:     4   Next: 48%
Magic:  4/4        EV: 13    Int: 16    God:
Gold:   70         SH:  0    Dex: 12    Spells: 3/3 levels left

rFire   . .          .
                       - Unarmed
rCold   . . .        (no shield)
rNeg    . . .        (helmet currently unavailable)
rPois   .            (no amulet)
rElec   .            d - ring of flight
rCorr   .            (no ring)
SInv    .            (no ring)
Will    .....        (no ring)
Stlth   ++           (no ring)
HPRegen 0.24/turn    (no ring)
MPRegen 0.09/turn    (no ring)
                     (no ring)

%: no passive effects
@: beast-form, flying
A: beast (slay +2), almost no armour, amphibious, 8 rings, camouflage 1,
gelatinous body 1, (nimble swimmer 1), tentacles, iridescent scales 1, clever 1,
subdued magic 1
a: Begin Untransformation


You were on level 2 of the Dungeon.
You were a hulking beast.
You visited 1 branch of the dungeon, and saw 2 of its levels.

You collected 70 gold pieces.

Inventory:

Jewellery
 d - a ring of flight (left tentacle)
   (You found it on level 2 of the Dungeon)
Talismans
 b - a beast talisman
 c - a flux talisman
Scrolls
 f - a scroll of vulnerability
Potions
 e - a potion of magic


   Skills:
 + Level 2.1 Fighting
 - Level 2.0 Dodging
 + Level 3.6 Unarmed Combat
 * Level 4.0 Shapeshifting


You had 3 spell levels left.
You didn't know any spells.
Your spell library was empty.

Dungeon Overview and Level Annotations

Branches:
Dungeon (2/15)

Altars:


Innate Abilities, Weirdness & Mutations

You are a hulking beast.
Your limbs bulge with bestial killing power. (Slay +2)
You cannot wear most types of armour.
You are amphibious.
You can wear up to eight rings at the same time.
Your skin changes colour to match your surroundings (Stealth+).
Your rubbery body absorbs attacks. (AC +1, EV +1)
((You are camouflaged when in or above water. (Stealth+)))
You have tentacles for arms and can constrict up to eight enemies at once.
You are partially covered in iridescent scales. (AC +2)
Your mind is acute. (Int +4, Str/Dex -1)
Your spells are a little easier to cast, but a little less powerful.


Message History

You constrict the gnoll. The gnoll barely misses you.
The gnoll hits you from afar with a +0 spear.
The goblin barely misses you.
You are too injured to fight recklessly!
You are too injured to fight recklessly!
You are too injured to fight recklessly!
You release your grip on the gnoll.
The gnoll attacks as it pursues you! The gnoll closely misses you.
You barely miss the gnoll. You grab the gnoll.
The gnoll is almost dead.
You constrict the gnoll. The gnoll hits you with a +0 flail!
* * * LOW HITPOINT WARNING * * *
You tentacle-slap the gnoll.
You kill the gnoll!
Your Shapeshifting skill increases to level 4!
The gnoll attacks as it pursues you! The gnoll closely misses you.
It was a potion of cancellation.
You feel magically purged. The gnoll misses you. x2
As you read the scroll labelled ZUIPUI RI WAOTHRAU, it crumbles to dust.
You feel aware of your surroundings.
It was a scroll of revelation.
The gnoll hits you with a +0 club.
* * * LOW HITPOINT WARNING * * *
The gnoll barely misses you.
Found a book of Debilitation, a bubbling purple potion and 8 gold pieces.
Unknown command.
It was a potion of curing.
You feel better. The gnoll closely misses you. The gnoll completely misses you.
Your transformation has ended.
You turn into a tree.
Your roots penetrate the ground.
The gnoll hits you but does no damage. x2
You hit the gnoll.
The gnoll is lightly wounded.
The gnoll hits you with a +0 club.
* * * LOW HITPOINT WARNING * * *
The gnoll hits you from afar with a +0 spear.
* * * LOW HITPOINT WARNING * * *
You hit the gnoll.
The gnoll is heavily wounded.
The gnoll hits you but does no damage. x2
You hit the gnoll but do no damage. Your punch misses the gnoll.
The gnoll is heavily wounded.
The gnoll hits you but does no damage. x2
You hit the gnoll.
The gnoll is heavily wounded.
The gnoll hits you but does no damage. The gnoll hits you with a +0 club.
* * * LOW HITPOINT WARNING * * *
You smack the gnoll!
You kill the gnoll!
The gnoll throws a throwing net.
The throwing net hits you.
You become entangled in the net!
Unknown command.
You struggle against the net.
The gnoll hits you but does no damage.
You struggle against the net.
The gnoll hits you but does no damage.
You struggle against the net.
The gnoll hits you from afar with a +0 spear.
* * * LOW HITPOINT WARNING * * *
You struggle against the net.
The gnoll hits you but does no damage.
You rip the net and break free!
The gnoll barely misses you.
You aren't carrying any items that you can evoke.
Unknown command.
Okay, then.
Okay, then.
The gnoll hits you from afar with a +0 spear.
* * * LOW HITPOINT WARNING * * *
Your transformation is almost over.
The gnoll hits you but does no damage.
It was a potion of mutation.
You feel extremely strange.
Your connection to magic feels subdued.
You feel clever.
Iridescent scales grow over part of your body.
The gnoll hits you but does no damage.
Unknown command.
The gnoll completely misses you. The gnoll hits you but does no damage.
The gnoll hits you from afar with a +0 spear.
* * * LOW HITPOINT WARNING * * *
The gnoll hits you but does no damage. The gnoll hits you but does no damage.
The gnoll hits you but does no damage. The gnoll barely misses you.
You feel less wooden.
You turn into a hulking beast.
The gnoll completely misses you. The gnoll barely misses you.
The gnoll misses you. The gnoll attacks as it pursues you!
The gnoll barely misses you. The gnoll attacks as it pursues you!
The gnoll barely misses you.
Okay, then.
The gnoll attacks as it pursues you! The gnoll closely misses you.
The gnoll throws a throwing net.
The throwing net hits you.
You become entangled in the net!
The gnoll attacks as it pursues you! The gnoll barely misses you.
There is a stone staircase leading down here.
You see here a throwing net.
You tear a large gash into the net.
The gnoll barely misses you.
You struggle against the net.
The gnoll barely misses you.
You rip the net and break free!
The gnoll hits you from afar with a +0 spear.
* * * LOW HITPOINT WARNING * * *
The gnoll hits you from afar with a +0 spear.
You die...

*,,.###...)####### #........PP
**,*.#!#.#g.†...### #.####.#P..
,,...#.#...).##.### ###.# #.#...
,*.........#.##..####...# #.#.P.
,,,.##.##.g.r.##.##...### #..P..
***,#.:.#)###..g....### ###..P
*,......grg.#.#g#r### #.P.
**#.#...#.###.....######* #PP.
,,,,##.##.....g.h.......*** #P.#
,*,,.......#.#########..,,** ###.
,,,..#.#.....###### *,,,,,***,,P
*,.#.#$#.#.#.######***,,,,,,,,,*.
,,,.,**#...#.* *,,,,,*,,,,****,,,
*,,,,,,,.#,,,* *,*****,,,,* **,,
***,,,*,****,* *,********** ***
**,,,,* *,***,,,,,,,* * *,****
*,,,,,*****,*


You could see 2 gnolls, a hobgoblin, a goblin (wandering) and a rat.

Vanquished Creatures
  2 gnolls (D:2)
  2 adders (D:2)
  2 dart slugs
  4 endoplasms (D:2)
  3 giant cockroaches
  6 kobolds
  5 quokkas
  7 ball pythons
  4 bats
  3 goblins
  5 rats
43 creatures vanquished.

Notes
Turn   | Place    | Note
-------+----------+-------------------------------------------
     0 | D:1      | Flugslaktarn the Octopode Shapeshifter began the quest for
                  | the Orb.
     0 | D:1      | Reached XP level 1. HP: 13/13 MP: 1/1
   208 | D:1      | Reached XP level 2. HP: 18/18 MP: 2/2
   683 | D:1      | Reached XP level 3. HP: 18/23 MP: 3/3
   914 | D:2      | Reached XP level 4. HP: 29/29 MP: 4/4
   932 | D:2      | Found a faded altar of an unknown god.
   995 | D:2      | Reached skill level 4 in Shapeshifting
  1012 | D:2      | Gained mutation: Your spells are a little easier to cast,
                  | but a little less powerful. [potion of mutation]
  1012 | D:2      | Gained mutation: Your mind is acute. (Int +4, Str/Dex -1)
                  | [potion of mutation]
  1012 | D:2      | Gained mutation: You are partially covered in iridescent
                  | scales. (AC +2) [potion of mutation]
  1032 | D:2      | Slain by a gnoll

Illustrated notes

Levels and vault maps discovered:
D:1:      lightli_iron_boxes, layout_basic, kennysheep_boxes
D:2:      layout_basic, shapermc_ecumenical_altar_mp_ritualfount,
          minmay_fractal_squares_5, uniq_crazy_yiuf_cottage, uniq_terence

Skill      XL: |  1  2  3  4 |
---------------+-------------+-----
Fighting       | 2 |  2.1
Shapeshifting  | 4 |  4.0
Dodging        | |  2.0
Unarmed Combat | |  3.6

Action                     |  1- 3 |  4- 6 || total
---------------------------+-------+-------++-------
  Melee: Unarmed           |    56 |    21 ||    77
         Constrict         |    17 |     4 ||    21
         Tentacles         |     8 |     1 ||     9
    Use: Scroll            |     2 |     1 ||     3
         Potion            |       |     4 ||     4
   Stab: Sleeping          |    11 |       ||    11
 Armour: Skin              |    13 |    35 ||    48
  Dodge: Dodged            |    24 |    29 ||    53

Table legend: (Time is in decaauts)
 A = Elapsed time spent in this place.
 B = Non-inter-level travel time spent in this place.
 C = Inter-level travel time spent in this place.
 D = Time resting spent in this place.
 E = Time spent auto-exploring this place.
 F = Levels seen in this place.
 G = Mean time per level.
                   A        B        C        D        E       F      G
               +--------+--------+--------+--------+--------+-----+--------+
         Total |   1027 |    982 |     45 |      0 |    735 |   2 |  513.5 |
       Dungeon |   1027 |    982 |     45 |      0 |    735 |   2 |  513.5 |
               +--------+--------+--------+--------+--------+-----+--------+

Top non-repeatable levels by time:
     D:1: 760 daAuts
     D:2: 266 daAuts
